 Dungeon Crawl Stone Soup version 0.18.1-48-g4cf74bf (webtiles) character file.

182 glosham the Skirmisher (level 5, -6/48 HPs)
             Began as a Centaur Earth Elementalist on Sept 1, 2016.
             Mangled by Sigmund
             ... wielding a +5 scythe
              (14 damage)
             ... on level 3 of the Dungeon on Sept 2, 2016.
             The game lasted 00:24:09 (1453 turns).

glosham the Skirmisher (Centaur Earth Elementalist) Turns: 1453, Time: 00:24:09

Health: -6/48      AC:  9    Str: 11    XL:     5   Next: 34%
Magic:  7/7        EV:  9    Int: 14    God:
Gold:   130        SH:  0    Dex: 10    Spells: 2 memorised, 4 levels left

rFire  . . .     SeeInvis .     a - +2 quarterstaff (drain)
rCold  . . .     Gourm    .     X - +2 robe {MR+}
rNeg   . . .     Faith    .     (shield currently unavailable)
rPois  .         Spirit   .     (no helmet)
rElec  .         Dismiss  .     (no cloak)
rCorr  .         Reflect  .     V - +2 pair of gloves
SustAt .         Harm     .     (no barding)
MR     +....                    (no amulet)
Stlth  +.........               (no ring)
                                (no ring)

@: very quick, somewhat resistant to hostile enchantments, very unstealthy
A: hooves 3, deformed body, speed 2, tough skin 3
a: no special abilities


You were on level 3 of the Dungeon.
You were not hungry.

You visited 1 branch of the dungeon, and saw 3 of its levels.

You collected 130 gold pieces.

Inventory:

Hand Weapons
 a - a +2 quarterstaff of draining (weapon)
 b - a +0 hunting sling
Missiles
 f - 38 stones (quivered)
 n - 30 poisoned needles
 o - 61 arrows
 q - 22 sling bullets
 r - 20 bolts
Armour
 V - a +2 pair of gloves (worn)
 X - a +2 robe of magic resistance (worn)
Scrolls
 g - a scroll of fear
Potions
 e - a potion of mutation {unknown}
 h - a potion of lignification {unknown}
 i - a potion of flight {unknown}
 j - a potion of curing
 t - a potion of resistance {unknown}
 z - a potion of berserk rage {unknown}
Books
 c - a book of Geomancy

   Spells                             Type                      Level
   a - Sandblast                      Earth                        1
   b - Passwall                       Transmutation/Earth          2
   c - Stone Arrow                    Conjuration/Earth            3
   d - Petrify                        Transmutation/Earth          4
   e - Lee's Rapid Deconstruction     Earth                        5
 k - a book of Clouds

   Spells                             Type                      Level
   a - Mephitic Cloud                 Conjuration/Poison/Air       3
   b - Conjure Flame                  Conjuration/Fire             3
   c - Poisonous Cloud                Conjuration/Poison/Air       6
   d - Freezing Cloud                 Conjuration/Ice/Air          6
   e - Ring of Flames                 Charms/Fire                  7
Comestibles
 d - 2 bread rations
 l - a beef jerky
 m - a chunk of flesh
 p - a meat ration


   Skills:
 + Level 5.1 Fighting
 - Level 1.3 Dodging
 - Level 1.2 Stealth
 - Level 1.5 Spellcasting
 - Level 0.8 Transmutations
 - Level 2.6 Earth Magic


You had 4 spell levels left.
You knew the following spells:

 Your Spells              Type           Power        Failure   Level  Hunger
w - Passwall              Trmt/Erth      #.........   21%         2    ###....
x - Sandblast             Erth           #.....       10%         1    ##.....


Dungeon Overview and Level Annotations

Branches:
Dungeon (3/15)

Altars:
Sif Muna

Annotations:
D:3 Sigmund


Innate Abilities, Weirdness & Mutations

You have hooves in place of feet.
Armour fits poorly on your strangely shaped body.
You cover ground very quickly.
You have extremely tough skin (AC +3).


Message History

You kill the hobgoblin!
Things that are here:
a club; a falchion; an orc corpse
Found 13 gold pieces.
Things that are here:
a short sword; a goblin corpse You see here a dagger.
Found a club.
You now have 130 gold pieces (gained 13).
Some of the chunks of flesh in your inventory have rotted away.
Sigmund the Dreaded comes into view.
He is wielding an enchanted scythe.
Sigmund shouts!
You start waiting.
Sigmund barely misses you.
You barely miss Sigmund. You kick Sigmund.
Sigmund is lightly wounded.
Sigmund gestures wildly while chanting.
Sigmund flickers and vanishes!
Deactivating autopickup; reactivate with Ctrl-A.
You hit something.
You hear some strange, mumbled words.
A magic dart appears from out of thin air!
The magic dart hits you! Something hits you.
You barely miss something. You kick something. You hit something.
You kick something. Something hits you!
You closely miss something.
You hear some strange, mumbled words.
A puff of flame appears from out of thin air!
The puff of flame hits you!
You barely miss something. Something hits you!
You closely miss something. Something hits you!
* * * LOW HITPOINT WARNING * * *
You thump something! Something hits you!
* * * LOW HITPOINT WARNING * * *
Drink which item? (? for menu, Esc to quit)
It was a potion of curing.
You feel better.
You miss something. You kick something. Something hits you.
* * * LOW HITPOINT WARNING * * *
You hit something. Something hits you!
You die...

..##........#######..............
...#.............................
.#..........###..................
.##.........##...................
.###........##..##.#............#
.# #........###..#.##............
.# #..####### #......########)###
.###..## ###.#....# .# .##...[#
#...@##..# ..
.##.##.######..{.##...# ##
.................. #..#
.........#......... #...
.#.##....#.##....... ###
.#.###.....###....... ...#
#.....###.......# ..##
#................
######.......##.....


There were no monsters in sight!

Vanquished Creatures
  Jessica (D:3)
  Ijyb (D:2)
  An orc wizard (D:3)
  3 adders
  5 worms
  2 dart slugs
  2 orcs (D:3)
  11 bats
  3 giant cockroaches
  8 goblins
  7 hobgoblins
  6 jackals
  2 giant newts
  4 rats
56 creatures vanquished.

Notes
Turn   | Place    | Note
--------------------------------------------------------------
     0 | D:1      | glosham the Centaur Earth Elementalist began the quest for the Orb.
     0 | D:1      | Reached XP level 1. HP: 14/14 MP: 3/3
   101 | D:1      | Reached skill level 1 in Fighting
   174 | D:2      | Reached XP level 2. HP: 24/24 MP: 4/4
   281 | D:2      | Reached skill level 2 in Fighting
   596 | D:2      | Noticed Ijyb
   622 | D:2      | Killed Ijyb
   622 | D:2      | Reached skill level 3 in Fighting
   622 | D:2      | Reached XP level 3. HP: 25/31 MP: 5/5
   646 | D:2      | Found a deep blue altar of Sif Muna.
   773 | D:2      | Reached XP level 4. HP: 17/39 MP: 6/6
   985 | D:3      | Noticed Jessica
   992 | D:3      | Killed Jessica
   992 | D:3      | Reached skill level 4 in Fighting
  1196 | D:1      | Reached XP level 5. HP: 47/47 MP: 7/7
  1297 | D:1      | Learned a level 2 spell: Passwall
  1389 | D:3      | Reached skill level 5 in Fighting
  1432 | D:3      | Noticed Sigmund
  1450 | D:3      | HP: 1/48 [something (9)]
  1453 | D:3      | Mangled by Sigmund

Skill      XL: |  1  2  3  4  5 |
---------------+----------------+-----
Fighting       | 1 3 4 5 |  5.1
Dodging        | |  1.3
Stealth        | |  1.2
Spellcasting   | |  1.5
Transmutations | |  0.8
Earth Magic    | |  2.6

Action                   |  1- 3 |  4- 6 || total
-------------------------+-------+-------++-------
Melee: Club              |    96 |       ||    96
       Kick              |    12 |    12 ||    24
       Quarterstaff      |    12 |    79 ||    91
 Fire: Hunting sling     |     5 |       ||     5
 Cast: Sandblast         |     6 |       ||     6
  Use: Scroll            |     4 |     3 ||     7
       Potion            |       |     1 ||     1
  Eat: Chunk             |       |     1 ||     1
Armor: Robe              |    63 |    26 ||    89
Dodge: Dodged            |    47 |    26 ||    73

Table legend:
 A = Turns spent in this place as a percentage of turns spent in the entire game.
 B = Non-inter-level travel turns spent in this place as a percentage of non-inter-level travel turns spent in the entire game.
 C = Inter-level travel turns spent in this place as a percentage of turns spent in this place.
 D = Turns resting spent in this place as a percentage of non-inter-level travel turns spent in this place.
 E = Turns spent auto-exploring this place as a percentage of non-inter-level travel turns spent in this place.
 F = Non-inter-level travel turns spent in this place divided by the number of levels of this place that you've seen.
                   A       B       C       D       E      F
               +-------+-------+-------+-------+-------+----------------------
         Total | 100.0 | 100.0 |   0.4 |   1.0 |   0.0 | 378.7
       Dungeon | 100.0 | 100.0 |   0.4 |   1.0 |   0.0 | 378.7
               +-------+-------+-------+-------+-------+----------------------

Table legend:
 A = Kills in this place as a percentage of kills in entire the game.
 B = Kills by you in this place as a percentage of kills by you in the entire game.
 C = Kills by friends in this place as a percentage of kills by friends in the entire game.
 D = Other kills in this place as a percentage of other kills in the entire game.
 E = Experience gained in this place as a percentage of experience gained in the entire game.
 F = Experience gained in this place divided by the number of levels of this place that you have seen.
                   A       B       C       D       E      F
               +-------+-------+-------+-------+-------+----------------------
         Total | 100.0 | 100.0 |  -nan |  -nan | 100.0 |  86.7
       Dungeon | 100.0 | 100.0 |  -nan |  -nan | 100.0 |  86.7
               +-------+-------+-------+-------+-------+----------------------

Vault maps used:
D:1:      lemuel_arrival_rhombus
D:2:      nicolae_overflow_hidden_temple, uniq_iyjb
D:3:      uniq_sigmund, uniq_jessica
